 Dungeon Crawl Stone Soup version 0.29.1-12-g30fa7ad0bf (webtiles) character file.

Game seed: 769618761037651682

325 cheesebisquit the Cleaver (level 6, -3/78 HPs)
             Began as a Minotaur Berserker on Jan 4, 2023.
             Was a Believer of Trog.
             Slain by a gnoll
             ... wielding a +0 spear
              (4 damage)
             ... on level 4 of the Dungeon.
             The game lasted 00:15:49 (3511 turns).

cheesebisquit the Cleaver (Minotaur Berserker)      Turns: 3511, Time: 00:15:50

Health: -3/78      AC: 12    Str: 24    XL:     6   Next: 24%
Magic:  5/5        EV:  8    Int:  4    God:    Trog [**....]
Gold:   55         SH:  0    Dex:  9    Spells: 5/5 levels left

rFire   . . .      SeeInvis .   a - +0 hand axe
rCold   . . .      Faith    .   (no shield)
rNeg    . . .      Spirit   .   i - +0 chain mail
rPois   .          Reflect  .   (helmet restricted)
rElec   .          Harm     .   p - +0 cloak
rCorr   .          Rampage  .   h - +0 pair of gloves
Will    ++...                   r - +0 pair of boots
Stlth   ..........              (no amulet)
HPRegen 1.23/turn               y - ring of flight
MPRegen 0.09/turn               (no ring)

@: berserking, strong-willed, flying, regenerating, very quick
A: horns 2, retaliatory headbutt
a: Renounce Religion, Berserk, Trog's Hand


You were on level 4 of the Dungeon.
You worshipped Trog.
Trog was pleased with you.
You visited 1 branch of the dungeon, and saw 4 of its levels.

You collected 145 gold pieces.
You spent 90 gold pieces at shops.

Inventory:

Hand Weapons
 a - a +0 hand axe (weapon)
 b - a +0 sling
Missiles
 c - 6 silver javelins (quivered)
 l - 2 atropa-tipped darts
 s - 11 poisoned darts
Armour
 h - a +0 pair of gloves (worn)
 i - a +0 chain mail (worn)
 p - a +0 cloak (worn)
 r - a +0 pair of boots (worn)
Jewellery
 y - a ring of flight (left hand)
Wands
 u - a wand of charming (8)
Scrolls
 f - a scroll of fog {unknown}
 j - a scroll of identify
 k - a scroll of silence {unknown}
 o - a scroll of fear {unknown}
 q - a scroll of brand weapon {unknown}
 t - 2 scrolls of teleportation {unknown}
 x - a scroll of enchant weapon {unknown}
Potions
 d - a potion of mutation
 e - 4 potions of lignification
 g - 3 potions of heal wounds
 m - a potion of curing {unknown}
 n - a potion of haste {unknown}
 v - a potion of might {unknown}
 z - a potion of attraction {unknown}
 B - a potion of flight {unknown}


   Skills:
 - Level 3.8 Fighting
 + Level 8.2 Axes
 - Level 2.7 Armour
 - Level 2.4 Dodging


You had 5 spell levels left.
You didn't know any spells.
Your spell library was empty.

Dungeon Overview and Level Annotations

Branches:
Dungeon (4/15)
 Temple: D:4-7

Altars:
Makhleb
Ru
Yredelemnul

Shops:
D:2 =*:?[


Innate Abilities, Weirdness & Mutations

You have a pair of horns on your head.
You reflexively headbutt those who attack you in melee.


Message History

The orc shouts!
You slash the ball python!
You kill the ball python!
Trog accepts your kill.
You hit the gnoll. You hit the orc. The gnoll hits you with a +0 halberd.
The gnoll hits you but does no damage. The orc hits you but does no damage.
The gnoll hits you from afar with a +0 spear.
Your skin crawls.
You feel strong-willed. The gnoll hits you but does no damage.
The gnoll hits you from afar with a +0 spear.
The gnoll hits you with a +0 halberd. The orc barely misses you.
A red film seems to cover your vision as you go berserk!
You feel yourself moving faster!
You feel mighty! The gnoll barely misses you.
The gnoll hits you from afar with a +0 halberd.
* * * LOW HITPOINT WARNING * * *
The gnoll hits you from afar with a +0 spear.
* * * LOW HITPOINT WARNING * * *
The orc hits you but does no damage.
You slash the orc!
You kill the orc!
Trog accepts your kill.
You hit the gnoll.
You kill the gnoll!
Trog accepts your kill.
The gnoll hits you from afar with a +0 halberd!
* * * LOW HITPOINT WARNING * * *
The gnoll hits you but does no damage.
You barely miss the orc. You slash the orc!
You kill the orc!
Trog accepts your kill.
An orc comes into view. It is wielding a +0 dagger.
The gnoll hits you from afar with a +0 halberd.
* * * LOW HITPOINT WARNING * * *
The gnoll barely misses you.
The gnoll hits you from afar with a +0 halberd!
* * * LOW HITPOINT WARNING * * *
The gnoll hits you with a +0 spear.
You die...

....#.##......>..#.###
..#.#.##.####....#...#
..#<#.# .....#.###.#
..###.# #.###.#.....#
......# # #.#.#####
..##### #.#.# ..#
#.#'###### ###
#........# #g)@.....#
#..g.....# #.#.######
#.#.. #.o.. #.####


You could see 2 gnolls and an orc.

Vanquished Creatures
  A scorpion (D:3)
  Crazy Yiuf (D:3)
  Ijyb (D:3)
  8 gnolls
  4 adders
  2 dart slugs
  3 worms
  3 orcs
  12 endoplasms
  2 giant cockroaches
  10 goblins
  4 hobgoblins
  4 jackals (D:1)
  3 kobolds
  2 quokkas (D:1)
  7 ball pythons
  5 bats
  9 frilled lizards
  8 rats
89 creatures vanquished.

Vanquished Creatures (others)
  7 plants (D:1)
  7 withered plants (D:1)
14 creatures vanquished.

Grand Total: 103 creatures vanquished

Notes
Turn   | Place    | Note
-------+----------+-------------------------------------------
     0 | D:1      | cheesebisquit the Minotaur Berserker began the quest for
                  | the Orb.
     0 | D:1      | Reached XP level 1. HP: 19/19 MP: 0/0
   247 | D:1      | Reached XP level 2. HP: 27/27 MP: 1/1
   331 | D:1      | Reached skill level 4 in Axes
   560 | D:1      | Reached ** piety under Trog
   561 | D:1      | Reached XP level 3. HP: 31/33 MP: 2/2
   576 | D:1      | Found a faded altar of an unknown god.
   949 | D:2      | Found Ruttoaj's Assorted Antiques.
   980 | D:2      | Reached skill level 5 in Axes
  1163 | D:2      | Found Wikh's Book Shop.
  1216 | D:2      | Found Nots's Antique Armour Emporium.
  1224 | D:2      | Bought a cloak for 90 gold pieces
  1316 | D:2      | Reached XP level 4. HP: 29/40 MP: 3/3
  1438 | D:2      | Found Qaukeaki's Magic Scroll Boutique.
  1555 | D:2      | Reached skill level 6 in Axes
  1699 | D:2      | Found Ylipteji's Jewellery Emporium.
  1955 | D:3      | Found a sacrificial altar of Ru.
  2085 | D:3      | Noticed Ijyb
  2095 | D:3      | Killed Ijyb
  2096 | D:3      | Reached XP level 5. HP: 46/46 MP: 4/4
  2118 | D:3      | Reached skill level 7 in Axes
  2454 | D:3      | Reached XP level 6. HP: 52/52 MP: 5/5
  2816 | D:3      | Found a burning altar of Makhleb.
  2961 | D:3      | Found a runed translucent door.
  2962 | D:3      | Noticed Crazy Yiuf
  3000 | D:3      | Found a basalt altar of Yredelemnul.
  3373 | D:3      | Killed Crazy Yiuf
  3374 | D:3      | Reached skill level 8 in Axes
  3511 | D:4      | HP: 1/78 [gnoll/+0 halberd (12)]
  3511 | D:4      | Slain by a gnoll

Illustrated notes

Levels and vault maps discovered:
D:1:      scummos_arrival_star, layout_rooms,
          shapermc_ecumenical_altar_flowoftime, minmay_misc_feat_pillars,
          minmay_misc_feat_x
D:2:      layout_loops_ring, serial_shops, shop_statue, shop_statue,
          nicolae_lakefront_shop, nicolae_shop_stone, shop,
          ebering_dispersal_statue_hall
D:3:      minmay_skewed_foursquare, layout_loops_ring, nicolae_ru_awakened_eye,
          mainiacjoe_overflow_big_doors, minmay_goblin_outpost,
          uniq_crazy_yiuf_cottage, uniq_ijyb
D:4:      layout_basic, trog_three_pillars_becter,
          nicolae_hepliaklqana_hazy_memory, uniq_pikel

Skill      XL: |  1  2  3  4  5  6 |
---------------+-------------------+-----
Axes           | 4 5 6 7 8 |  8.2
Fighting       | |  3.8
Armour         | |  2.7
Dodging        | |  2.4

Action                   |  1- 3 |  4- 6 || total
-------------------------+-------+-------++-------
Melee: Hand axe          |    98 |   111 ||   209
       Punch             |     2 |     1 ||     3
       Headbutt          |    14 |    15 ||    29
Invok: Berserk           |     1 |     4 ||     5
       Trog's Hand       |       |     4 ||     4
  Use: Scroll            |       |     4 ||     4
Armor: Animal skin       |    10 |       ||    10
       Chain mail        |    17 |    61 ||    78
Dodge: Dodged            |    59 |    59 ||   118
